 Dungeon Sprint DCSS version 0.19.1 (webtiles) character file.

692 dvd the Cleaver (level 7, -10/66 HPs)
             Began as a Minotaur Gladiator on Dec 12, 2016.
             Was an Initiate of Trog.
             Mangled by an ice devil (20 damage)
             ... summoned by a kobold demonologist
             ... in the Dungeon (Sprint I: "Red Sonja").
             The game lasted 00:01:44 (586 turns).

dvd the Cleaver (Minotaur Gladiator)                 Turns: 586, Time: 00:01:46

Health: -10/66     AC:  5    Str: 21    XL:     7   Next: 36%
Magic:  6/6        EV: 16    Int:  5    God:    Trog [......]
Gold:   405        SH:  0    Dex: 11    Spells: 0 memorised, 6 levels left

rFire  . . .     SeeInvis .     a - +0 war axe
rCold  . . .     Gourm    .     m - +0 ring mail
rNeg   . . .     Faith    .     (no shield)
rPois  .         Spirit   .     c - +0 hat
rElec  .         Reflect  .     (no cloak)
rCorr  .         Harm     .     (no gloves)
MR     .....     NoTele   +     (no boots)
Stlth  +.........               (no amulet)
                                (no ring)
                                (no ring)

@: lethally poisoned (-10 -> -26), weakened
A: retaliatory headbutt, horns 2
a: Burn Spellbooks, Renounce Religion


You were in the Dungeon.
You worshipped Trog.
Trog was noncommittal.
You were not hungry.

You visited 1 branch You collected 405 gold pieces.

Inventory:

Hand Weapons
 a - a +0 war axe (weapon)
Missiles
 d - 3 throwing nets (quivered)
Armour
 b - a +0 leather armour
 c - a +0 hat (worn)
 m - a +0 ring mail (worn)
Scrolls
 k - a scroll of blinking
 o - a scroll of identify {unknown}
Potions
 e - a potion of curing
 g - a potion of heal wounds
 h - a potion of haste
 i - 2 potions of magic
 j - a potion of berserk rage
 l - 2 potions of cure mutation {unknown}
Comestibles
 f - a bread ration


   Skills:
 + Level 7.1 Fighting
 + Level 12.6 Axes
 + Level 5.0 Throwing
 + Level 3.6 Armour
 + Level 10.7 Dodging
 + Level 0.1 Stealth


You had 6 spell levels left.
You didn't know any spells.

Dungeon Overview and Level Annotations

Branches:
Dungeon (1/1)

Altars:
Cheibriados
Dithmenos
Elyvilon
Fedhas
Gozag
Hepliaklqana
Kikubaaqudgha
Makhleb
Nemelex Xobeh
Okawaru
Qazlal
Ru
Sif Muna
Trog
Uskayaw
Vehumet
Xom
Yredelemnul
Zin
The Shining One
Jiyva
Lugonu

Shops:
D *


Innate Abilities, Weirdness & Mutations

You reflexively headbutt those who attack you in melee.
You have a pair of horns on your head.


Message History

Unknown command.
You hit the orange demon but do no damage.
You headbutt the orange demon, but do no damage.
The orange demon is lightly wounded.
You hit the ice devil.
The red devil hits you from afar with a trident!!
The orange demon closely misses you. You furiously retaliate!
You headbutt the orange demon. The orange demon closely misses you.
The ice devil barely misses you.
You slash the orange demon!
The orange demon is moderately wounded.
You slash the ice devil!
The red devil hits you from afar with a trident.
The orange demon stings you.
You are poisoned.
The orange demon poisons you! The orange demon hits you.
The ice devil hits you!
* * * LOW HITPOINT WARNING * * *
The ice devil freezes you!!
You die...

#####################
.)..#..'..#__#..@4K.#
.#..').#..'..'..#4K.#
###'#####'#__####.4.+
##..#...#.#### ####
_####..##[#
____##'#..+
.∩...'..._#
..__##_.#+# ____###+#


You could see an orange demon, an ice devil, 2 kobold demonologists and a red
devil.

Vanquished Creatures
  A slime creature (D)
  Sigmund (D)
  A yak (D)
  A floating eye (D)
  An ogre (D)
  A jelly (D)
  Ijyb (D)
7 creatures vanquished.

Vanquished Creatures (others)
  A gargoyle (D)
1 creature vanquished.

Grand Total: 8 creatures vanquished

Notes
Turn   | Place    | Note
-------+----------+-------------------------------------------
     0 | D        | dvd the Minotaur Gladiator began the quest for the Orb.
     0 | D        | Reached XP level 1. HP: 18/18 MP: 0/0
     1 | D        | Noticed Ijyb
    13 | D        | Killed Ijyb
    13 | D        | Reached skill level 5 in Axes
    13 | D        | Reached skill level 5 in Dodging
    13 | D        | Reached XP level 2. HP: 12/26 MP: 1/1
   178 | D        | Noticed an ogre
   183 | D        | Killed an ogre
   183 | D        | Reached skill level 7 in Axes
   183 | D        | Reached skill level 1 in Armour
   183 | D        | Reached XP level 3. HP: 34/34 MP: 2/2
   183 | D        | Reached XP level 4. HP: 41/41 MP: 3/3
   193 | D        | Noticed Sigmund
   198 | D        | Killed Sigmund
   198 | D        | Reached skill level 5 in Fighting
   198 | D        | Reached skill level 10 in Axes
   198 | D        | Reached XP level 5. HP: 48/48 MP: 4/4
   213 | D        | Found a deep blue altar of Sif Muna.
   215 | D        | Found a radiant altar of Vehumet.
   218 | D        | Reached XP level 6. HP: 52/57 MP: 5/5
   237 | D        | Found Hutymer's General Store.
   237 | D        | Found an ancient bone altar of Kikubaaqudgha.
   237 | D        | Found a hazy altar of Hepliaklqana.
   237 | D        | Found a hide-covered altar of Uskayaw.
   237 | D        | Found a basalt altar of Yredelemnul.
   237 | D        | Found an opulent altar of Gozag.
   237 | D        | Found a snail-covered altar of Cheibriados.
   237 | D        | Found a sacrificial altar of Ru.
   237 | D        | Found a shadowy altar of Dithmenos.
   237 | D        | Noticed a yak
   240 | D        | Killed a yak
   240 | D        | Reached skill level 11 in Axes
   240 | D        | Reached skill level 10 in Dodging
   241 | D        | Found a stormy altar of Qazlal.
   241 | D        | Found a blossoming altar of Fedhas.
   241 | D        | Found a bloodstained altar of Trog.
   241 | D        | Found an iron altar of Okawaru.
   241 | D        | Found a glowing golden altar of the Shining One.
   241 | D        | Found a glowing silver altar of Zin.
   241 | D        | Found a white marble altar of Elyvilon.
   244 | D        | Found a sparkling altar of Nemelex Xobeh.
   253 | D        | Became a worshipper of Trog the Wrathful
   264 | D        | Found a viscous altar of Jiyva.
   264 | D        | Found a corrupted altar of Lugonu.
   264 | D        | Noticed a slime creature
   265 | D        | Found a burning altar of Makhleb.
   265 | D        | Found a shimmering altar of Xom.
   273 | D        | Killed a slime creature
   273 | D        | Reached skill level 12 in Axes
   273 | D        | Reached XP level 7. HP: 5/64 MP: 6/6
   312 | D        | Killed a gargoyle
   580 | D        | Noticed a kobold demonologist
   581 | D        | Noticed an orange demon
   581 | D        | Noticed a kobold demonologist
   582 | D        | Noticed an ice devil
   583 | D        | Reached skill level 5 in Throwing
   584 | D        | Noticed a red devil
   586 | D        | Mangled by an ice devil

Skill      XL: |  1  2  3  4  5  6  7 |
---------------+----------------------+-----
Fighting       | 3 4 5 6 7 |  7.1
Axes           | 5 7 10 12 | 12.6
Dodging        | 5 7 8 9 10 | 10.7
Throwing       | 3 4 5 |  5.0
Armour         | 1 3 |  3.6
Stealth        | |  0.1

Action                   |  1- 3 |  4- 6 |  7- 9 || total
-------------------------+-------+-------+-------++-------
Melee: War axe           |    15 |    17 |     5 ||    37
       Headbutt          |     3 |     4 |     3 ||    10
Armor: Leather armour    |     3 |       |       ||     3
       Ring mail         |       |     2 |     1 ||     3
Dodge: Dodged            |     9 |     9 |     6 ||    24
